 Dungeon Crawl Stone Soup version 0.29-a0-1009-g60c99734e7 (webtiles) character file.

Game seed: 16639748377348833437

2440 leavemydog the Thaumaturge (level 9, -1/45 HPs)
             Began as a Deep Elf Conjurer on Aug 8, 2022.
             Shot with an arrow by a centaur (4 damage)
             ... on level 7 of the Dungeon.
             The game lasted 00:13:02 (8504 turns).

leavemydog the Thaumaturge (Deep Elf Conjurer)      Turns: 8504, Time: 00:13:03

Health: -1/45      AC:  6    Str:  4    XL:     9   Next: 25%
Magic:  20/33      EV: 13    Int: 28    God:
Gold:   311        SH:  0    Dex: 17    Spells: 16/27 levels left

rFire   . . .      SeeInvis .   o - +6 dagger of Eracw {spect, rPois rN+ Dex+4}
rCold   + . .      Faith    .   (no shield)
rNeg    + + .      Spirit   .   a - +0 robe
rPois   +          Reflect  .   (no helmet)
rElec   .          Harm     .   q - +1 cloak
rCorr   .          Rampage  .   s - +0 pair of gloves
Will    .....                   i - +0 pair of boots
Stlth   ++........              (no amulet)
HPRegen 0.15/turn               u - ring of magical power
MPRegen 0.23/turn               d - ring of positive energy

@: no status effects
A: cold resistance 1
a: no special abilities


You were on level 7 of the Dungeon.
You visited 1 branch of the dungeon, and saw 7 of its levels.

You collected 311 gold pieces.

Inventory:

Hand Weapons
 o - the +6 dagger of Eracw (weapon) {spect, rPois rN+ Dex+4}
   (You found it on level 3 of the Dungeon)

   When its wielder attacks, the weapon's spirit leaps out and strikes again.
   The spirit shares a part of any damage it takes with its wielder.
   Dex:       It affects your dexterity (+4).
   rPois:     It protects you from poison.
   rN:        It protects you from negative energy.
Missiles
 n - 15 poisoned darts
Armour
 a - a +0 robe (worn)
 i - a +0 pair of boots (worn)
 q - a +1 cloak (worn)
 s - a +0 pair of gloves (worn)
Magical Staves
 t - a staff of fire
Jewellery
 d - a ring of positive energy (right hand)
 u - a ring of magical power (left hand)
 E - a ring of protection from cold
Wands
 m - a wand of roots (7)
 x - a wand of acid (17)
 y - a wand of digging (4)
 D - a wand of flame (8)
Scrolls
 c - 3 scrolls of noise {unknown}
 e - 2 scrolls of enchant weapon
 f - a scroll of blinking {unknown}
 h - a scroll of enchant armour {unknown}
 l - 2 scrolls of teleportation
 p - 2 scrolls of butterflies {unknown}
 r - 2 scrolls of poison {unknown}
 w - a scroll of silence {unknown}
 z - a scroll of fear {unknown}
 A - a scroll of torment {unknown}
 B - a scroll of immolation {unknown}
 C - 2 scrolls of magic mapping {unknown}
 G - a scroll of amnesia {unknown}
Potions
 b - 2 potions of magic
 g - 7 potions of curing
 j - 3 potions of brilliance
 k - a potion of cancellation
 v - 2 potions of haste {unknown}
 F - a potion of lignification {unknown}


   Skills:
 - Level 0.9 Throwing
 - Level 2.4 Dodging
 - Level 2.4 Stealth
 + Level 9.9 Spellcasting
 + Level 9.3 Conjurations
 * Level 6.2 Hexes
 * Level 4.9 Translocations


You had 16 spell levels left.
You knew the following spells:

 Your Spells              Type           Power      Damage    Failure   Level
a - Magic Dart            Conj           100%       1d8       1%          1
b - Searing Ray           Conj           100%       2d8       1%          2
c - Fulminant Prism       Conj/Hex       27%        3d14      1%          4
d - Iskenderun's Mystic   Conj/Tloc      52%        2d11      2%          4

Your spell library contained the following spells:

 Spells                   Type           Power      Damage    Failure   Level
 Dazzling Flash           Conj/Hex       100%       N/A       1%          3
 Portal Projectile        Hex/Tloc       90%        N/A       1%          3
 Tukima's Dance           Hex            49%        N/A       1%          3
 Leda's Liquefaction      Hex/Erth       15%        N/A       11%         4
 Call Canine Familiar     Summ           13%        N/A       12%         3
 Blade Hands              Tmut           6%         N/A       75%         5


Dungeon Overview and Level Annotations

Branches:
Dungeon (7/15)
 Temple: D:4-7

Altars:
Ashenzari
Dithmenos
Elyvilon
Yredelemnul

Shops:
D:3 =   D:4 *


Innate Abilities, Weirdness & Mutations

Your flesh is cold resistant. (rC+)


Message History

The magic dart hits the centaur.
The centaur is lightly wounded.
The centaur shoots an arrow.
The arrow hits you.
The magic dart hits the centaur.
The centaur is moderately wounded.
The centaur shoots an arrow.
The arrow hits you!
The centaur shoots an arrow.
The arrow closely misses you.
The magic dart hits the centaur.
The centaur is heavily wounded.
The centaur shoots an arrow.
The arrow hits you.
The magic dart hits the centaur but does no damage.
The centaur is heavily wounded.
The centaur shoots an arrow.
The arrow hits you!
* * * LOW HITPOINT WARNING * * *
The centaur shoots an arrow.
The arrow closely misses you.
You are too injured to fight recklessly!
You are too injured to fight recklessly!
You are too injured to fight recklessly!
You are too injured to fight recklessly!
Casting: Magic Dart (safe; 1% risk of failure)
Confirm with . or Enter, or press ? or * to list all spells.
Aiming: Magic Dart (safe; 1% risk of failure)
Press: ? - help, Shift-Dir - straight line, f/p - centaur
Aim: a centaur, wielding a +0 shortbow (heavily wounded, 100% to hit)
The magic dart hits the centaur.
The centaur is severely wounded.
The centaur shoots an arrow.
The arrow closely misses you.
Casting: Magic Dart (safe; 1% risk of failure)
Confirm with . or Enter, or press ? or * to list all spells.
You can't see any susceptible monsters within range! (Use Z to cast anyway.)
Casting: Magic Dart (safe; 1% risk of failure)
Confirm with . or Enter, or press ? or * to list all spells.
Aiming: Fulminant Prism (dangerous; 1% risk of failure)
Press: ? - help, Dir - move target, p - centaur You conjure a prism of explosive energy!
A fulminant prism comes into view.
The centaur shoots an arrow.
The arrow hits you!
* * * LOW HITPOINT WARNING * * *
The centaur shoots an arrow.
The arrow hits you.
You die...

#.# #.# ##+#.. #.#
#.... #
#.#######....< #
#............##.#
#..........#..?.#
###............*..c
#.'...........))...
#.#........@#
#.######....# #.#
#....# #.# #....#
#.######....#
#.#.(.......#
#.#........##
#.'........#
###........#


You could see a centaur (ally target) and a friendly fulminant prism.

Vanquished Creatures
  Pikel (D:5)
  Grinder (D:3)
  Menkaure (D:4)
  An orc warrior (D:6)
  2 ice beasts
  2 black bears (D:5)
  A kobold brigand (D:6)
  A necrophage (D:6)
  4 scorpions
  3 howler monkeys (D:6)
  2 jellies
  A hound (D:5)
  A gnoll bouda (D:5)
  An orc priest (D:6)
  Crazy Yiuf (D:3)
  7 iguanas
  Natasha (thrice) (D:2)
  An orc wizard (D:5)
  Robin (D:4)
  5 gnolls (D:5)
  6 adders
  An ufetubus (D:6)
  2 worms
  4 dart slugs
  19 orcs
  11 ball pythons
  5 bats
  10 endoplasms
  6 giant cockroaches
  16 goblins
  10 hobgoblins
  6 jackals (D:1)
  3 quokkas
  5 frilled lizards
  11 kobolds
  8 rats
163 creatures vanquished.

Vanquished Creatures (others)
  An orc (D:6)
  A quokka (D:6)
  A fulminant prism (D:6)
3 creatures vanquished.

Grand Total: 166 creatures vanquished

Notes
Turn   | Place    | Note
-------+----------+-------------------------------------------
     0 | D:1      | leavemydog the Deep Elf Conjurer began the quest for the
                  | Orb.
     0 | D:1      | Reached XP level 1. HP: 10/10 MP: 6/6
   267 | D:1      | Reached XP level 2. HP: 15/15 MP: 5/8
   277 | D:1      | Learned a level 2 spell: Searing Ray
   366 | D:1      | Reached skill level 5 in Conjurations
   572 | D:1      | Reached XP level 3. HP: 19/19 MP: 7/9
   977 | D:1      | Found a faded altar of an unknown god.
  1513 | D:2      | Noticed Natasha
  1518 | D:2      | Killed Natasha
  1519 | D:2      | Reached XP level 4. HP: 24/24 MP: 5/11
  1569 | D:2      | Learned a level 4 spell: Fulminant Prism
  1703 | D:2      | Noticed Natasha
  1709 | D:2      | Killed Natasha
  1946 | D:2      | Reached skill level 1 in Hexes
  2186 | D:2      | Noticed Natasha
  2192 | D:2      | Killed Natasha
  2195 | D:2      | Reached XP level 5. HP: 8/28 MP: 5/13
  2599 | D:3      | Found a shadowy altar of Dithmenos.
  2612 | D:3      | Identified the +6 dagger of Eracw {spect, rPois rN+ Dex+4}
  2833 | D:3      | Learned a level 4 spell: Iskenderun's Mystic Blast
  3033 | D:3      | Found a runed translucent door.
  3034 | D:3      | Noticed Crazy Yiuf
  3102 | D:3      | Noticed Grinder
  3111 | D:3      | Killed Grinder
  3112 | D:3      | Reached skill level 5 in Spellcasting
  3112 | D:3      | Reached skill level 1 in Translocations
  3112 | D:3      | Reached XP level 6. HP: 32/32 MP: 3/16
  3349 | D:3      | Found Holoc's Jewellery Shop.
  3351 | D:3      | Found a basalt altar of Yredelemnul.
  3879 | D:3      | Killed Crazy Yiuf
  3989 | D:3      | Gained mutation: You expend magic power (3 MP) to
                  | strengthen your wands. [potion of mutation]
  3989 | D:3      | Gained mutation: You are clumsy. (Dex -2) [potion of
                  | mutation]
  3989 | D:3      | Gained mutation: You are robust. (+10% HP) [potion of
                  | mutation]
  3990 | D:3      | Lost mutation: You expend magic power (3 MP) to strengthen
                  | your wands. [potion of mutation]
  3990 | D:3      | Lost mutation: You are robust. (+10% HP) [potion of
                  | mutation]
  3990 | D:3      | Gained mutation: Your muscles are strong. (Str +4, Int/Dex
                  | -1) [potion of mutation]
  3990 | D:3      | Gained mutation: Your muscles are very strong. (Str +8,
                  | Int/Dex -2) [potion of mutation]
  3991 | D:3      | Lost mutation: Your muscles are very strong. (Str +8,
                  | Int/Dex -2) [potion of mutation]
  3991 | D:3      | Lost mutation: You are clumsy. (Dex -2) [potion of
                  | mutation]
  3991 | D:3      | Lost mutation: Your muscles are strong. (Str +4, Int/Dex
                  | -1) [potion of mutation]
  3991 | D:3      | Gained mutation: You have a pair of small horns on your
                  | head. [potion of mutation]
  3991 | D:3      | Gained mutation: You are frail. (-10% HP) [potion of
                  | mutation]
  3991 | D:3      | Gained mutation: You have a somewhat thin skeletal
                  | structure. (Dex +2, Stealth+) [potion of mutation]
  3992 | D:3      | Lost mutation: You are frail. (-10% HP) [potion of
                  | mutation]
  3992 | D:3      | Lost mutation: You have a pair of small horns on your head.
                  | [potion of mutation]
  3992 | D:3      | Lost mutation: You have a somewhat thin skeletal structure.
                  | (Dex +2, Stealth+) [potion of mutation]
  3992 | D:3      | Gained mutation: Your flesh is cold resistant. (rC+)
                  | [potion of mutation]
  4171 | D:4      | Noticed Menkaure
  4181 | D:4      | Killed Menkaure
  4182 | D:4      | Reached XP level 7. HP: 32/36 MP: 6/18
  4471 | D:4      | Found Guheliah's General Store.
  4697 | D:4      | Found a broken altar of Ashenzari.
  4914 | D:4      | Noticed Robin
  4928 | D:4      | Killed Robin
  5207 | D:5      | Entered Level 5 of the Dungeon
  5296 | D:5      | Identified the +3 whip "Kediun" {vorpal, Fragile rF+
                  | Will++}
  6012 | D:5      | Reached XP level 8. HP: 39/41 MP: 13/21
  6704 | D:6      | Found a white marble altar of Elyvilon.
  6724 | D:6      | Noticed Pikel
  6745 | D:5      | Killed Pikel
  6746 | D:5      | Reached skill level 5 in Hexes
  7492 | D:6      | Reached XP level 9. HP: 45/45 MP: 23/24
  8504 | D:7      | Shot with an arrow by a centaur

Illustrated notes

Levels and vault maps discovered:
D:1:      arrival_zaba_pyramid, layout_basic, nicolae_ecumenical_snake_handling
D:2:      layout_basic, uniq_natasha
D:3:      layout_basic, yredelemnul_altar_generic,
          mainiacjoe_overflow_cross_hatched, serial_shops, shop,
          hangedman_abyss_or_decor_lesser_grid, minmay_misc_feat_room,
          uniq_grinder, uniq_crazy_yiuf_cottage
D:4:      layout_gridville, lemuel_round_altar, serial_shops, kennysheep_mini,
          moated_statue, uniq_robin, uniq_menkaure
D:5:      layout_basic
D:6:      layout_basic, elyvilon_altar_4, minmay_circle_x, uniq_pikel
D:7:      layout_basic, minmay_temple_entry_antechambers

Skill      XL: |  1  2  3  4  5  6  7  8  9 |
---------------+----------------------------+-----
Conjurations   | 5 6 7 9 |  9.3
Spellcasting   | 4 5 6 7 9 |  9.9
Hexes          | 1 2 3 4 5 6 |  6.2
Translocations | 1 2 3 4 |  4.9
Throwing       | |  0.9
Dodging        | |  2.4
Stealth        | |  2.4

Action                   |  1- 3 |  4- 6 |  7- 9 || total
-------------------------+-------+-------+-------++-------
Melee: Dagger            |       |     1 |     4 ||     5
Throw: Dart              |       |       |    10 ||    10
 Cast: Magic Dart        |    70 |    98 |   214 ||   382
       Searing Ray       |       |     6 |    20 ||    26
       Iskenderun's Myst |       |       |     4 ||     4
       Fulminant Prism   |       |       |     2 ||     2
  Use: Scroll            |       |     4 |     2 ||     6
       Potion            |       |     4 |       ||     4
Armor: Robe              |       |     1 |    17 ||    18
Dodge: Dodged            |     4 |    18 |    50 ||    72

Table legend: (Time is in decaauts)
 A = Elapsed time spent in this place.
 B = Non-inter-level travel time spent in this place.
 C = Inter-level travel time spent in this place.
 D = Time resting spent in this place.
 E = Time spent auto-exploring this place.
 F = Levels seen in this place.
 G = Mean time per level.
                   A        B        C        D        E       F      G
               +--------+--------+--------+--------+--------+-----+--------+
         Total |   8501 |   8228 |    273 |   2070 |   5293 |   7 | 1214.4 |
       Dungeon |   8501 |   8228 |    273 |   2070 |   5293 |   7 | 1214.4 |
               +--------+--------+--------+--------+--------+-----+--------+

Top non-repeatable levels by time:
     D:5: 1619 daAuts
     D:6: 1541 daAuts
     D:3: 1441 daAuts
     D:2: 1371 daAuts
     D:1: 1226 daAuts
     D:4: 1166 daAuts
     D:7: 134 daAuts
